 Dungeon Crawl Stone Soup version 0.30-a0-6-g7c9e10e132 (webtiles) character file.

Game seed: 1689883580232375975

27 xian the Chucker (level 2, 0/20 HPs)
             Began as a Palentonga Wanderer on Aug 23, 2022.
             Succumbed to an adder's poison
             ... on level 2 of the Dungeon.
             The game lasted 00:01:37 (620 turns).

xian the Chucker (Palentonga Wanderer)               Turns: 620, Time: 00:01:37

Health: 0/20       AC:  4    Str: 15    XL:     2   Next: 93%
Magic:  3/3        EV:  9    Int: 12    God:
Gold:   15         SH:  0    Dex: 11    Spells: 2/3 levels left

rFire   . . .      SeeInvis +    a - +2 dagger
rCold   . . .      Faith    .    (no shield)
rNeg    . . .      Spirit   .    e - +0 leather armour
rPois   .          Reflect  .    (no helmet)
rElec   .          Harm     .    (no cloak)
rCorr   .          Rampage  .    (no gloves)
Will    .....                    (no barding)
Stlth   +.........               (no amulet)
HPRegen 0.06/turn                (no ring)
MPRegen 0.08/turn                (no ring)

@: lethally poisoned (0 -> -1)
A: large, rugged brown scales 3, see invisible, deformed body, roll 1, armoured
tail
a: Rolling Charge


You were on level 2 of the Dungeon.
You visited 1 branch of the dungeon, and saw 2 of its levels.

You collected 15 gold pieces.

Inventory:

Hand Weapons
 a - a +2 dagger (weapon)
Missiles
 b - 3 curare-tipped darts
Armour
 e - a +0 leather armour (worn)
Scrolls
 c - a scroll of fog
 d - 2 scrolls of blinking
 f - a scroll of enchant weapon {unknown}
 h - a scroll of magic mapping {unknown}
Potions
 g - a potion of mutation {unknown}


   Skills:
 + Level 1.1 Short Blades
 + Level 4.1 Throwing
 + Level 0.2 Dodging
 + Level 1.3 Stealth
 + Level 1.0 Spellcasting
 + Level 1.0 Transmutations
 + Level 1.0 Invocations


You had 2 spell levels left.
You knew the following spells:

 Your Spells              Type           Power      Damage    Failure   Level
a - Sting                 Tmut/Pois      4%         1d3       30%         1

Your spell library contained the following spells:

 Spells                   Type           Power      Damage    Failure   Level
 Ignite Poison            Fire/Tmut/Pois 1%         N/A       67%         3


Dungeon Overview and Level Annotations

Branches:
Dungeon (1/15)

Altars:


Innate Abilities, Weirdness & Mutations

You are completely covered in rugged brown scales. (AC +3, +7% HP)
You have supernaturally acute eyesight. (SInv)
Armour fits poorly on your strangely shaped body.
You can roll at nearby foes to attack.
You have a long armoured tail.


Message History

The dart slug launches a dart at you. The slug dart hits you.
You hit the dart slug.
You kill the dart slug!
An adder comes into view.
There's nothing you can charge at!
You roll forward with a clatter of scales!
You closely miss the adder. The adder bites you.
You are poisoned.
The adder poisons you! The adder barely misses you.
You closely miss the adder.
You feel sick. The adder barely misses you.
You miss the adder.
You feel sick. The adder completely misses you.
You closely miss the adder.
You feel sick. The adder bites you. The adder closely misses you.
You closely miss the adder.
You feel sick. The adder bites you.
You are more poisoned.
The adder poisons you!
You hit the adder.
Your tail-slap misses the adder.
The adder is heavily wounded.
You feel sick. The adder barely misses you.
You feel sick. The adder misses you.
Okay, then.
You miss the adder.
The adder is heavily wounded.
You feel sick. The adder bites you.
* * * LOW HITPOINT WARNING * * *
You hit the adder.
Your tail-slap misses the adder.
The adder is severely wounded.
* * * LOW HITPOINT WARNING * * *
You feel sick. The adder bites you but does no damage.
You closely miss the adder.
The adder is severely wounded.
* * * LOW HITPOINT WARNING * * *
You feel sick. The adder barely misses you.
You hit the adder.
You kill the adder!
* * * LOW HITPOINT WARNING * * *
You feel sick.
Your Short Blades skill increases to level 1!
You die...

# ... ##.... ... . #....
.) ........##.... ..
........##...###.
..>............. ..
.......##...#.#### ...
#......#...#....#
....#........@...##....$.
....#......#...#.# .....
...............#... ....
............####..... ...
.#.........####.........
#.................... .
..#........#####.......
..........## #..?....
..........#


There were no monsters in sight!

Vanquished Creatures
  An adder (D:2)
  A dart slug (D:2)
  2 bats (D:1)
  A giant cockroach (D:1)
  2 goblins (D:1)
  2 hobgoblins (D:1)
  2 kobolds (D:1)
  3 ball pythons (D:1)
  A frilled lizard (D:1)
15 creatures vanquished.

Notes
Turn   | Place    | Note
-------+----------+-------------------------------------------
     0 | D:1      | xian the Palentonga Wanderer began the quest for the Orb.
     0 | D:1      | xian set off with the following items: a +2 dagger, 3
                  | curare-tipped darts, a scroll of fog, a scroll of blinking,
                  | a +0 leather armour; and the following spell memorised:
                  | Sting; and the following spells available to memorise:
                  | Ignite Poison.
     0 | D:1      | Reached XP level 1. HP: 13/13 MP: 2/2
   283 | D:1      | Reached XP level 2. HP: 20/20 MP: 3/3
   431 | D:1      | Found a faded altar of an unknown god.
   436 | D:1      | Reached skill level 4 in Throwing
   485 | D:1      | You fall into a shaft and drop 1 floor!
   619 | D:2      | HP: 1/20 [poisoned by an adder]
   620 | D:2      | Reached skill level 1 in Short Blades
   620 | D:2      | Succumbed to an adder's poison

Illustrated notes

Levels and vault maps discovered:
D:1:      lightli_arrival_windingriver, layout_loops_ring,
          hellmonk_ecumenical_altar_run_dry
D:2:      layout_basic, basic_altar

Skill      XL: |  1  2 |
---------------+-------+-----
Throwing       | 4 |  4.1
Short Blades   | 1 |  1.1
Dodging        | |  0.2
Stealth        | |  1.3
Spellcasting   | |  1.0
Transmutations | |  1.0
Invocations    | |  1.0

Action                   || total
-------------------------++-------
Melee: Dagger            ||    52
       Tailslap          ||     6
Throw: Dart              ||     1
 Abil: Rolling Charge    ||     9
Armor: Leather armour    ||    20
Dodge: Dodged            ||    22

Table legend: (Time is in decaauts)
 A = Elapsed time spent in this place.
 B = Non-inter-level travel time spent in this place.
 C = Inter-level travel time spent in this place.
 D = Time resting spent in this place.
 E = Time spent auto-exploring this place.
 F = Levels seen in this place.
 G = Mean time per level.
                   A        B        C        D        E       F      G
               +--------+--------+--------+--------+--------+-----+--------+
         Total |    620 |    620 |      0 |      0 |    489 |   2 |  310.0 |
       Dungeon |    620 |    620 |      0 |      0 |    489 |   2 |  310.0 |
               +--------+--------+--------+--------+--------+-----+--------+

Top non-repeatable levels by time:
     D:1: 486 daAuts
     D:2: 134 daAuts
